 Dungeon Crawl Stone Soup version 0.31.0-9-g3a7656b989 (webtiles) character file.

Game seed: 18221024329131950355

258 qw the Shooter (level 5, -1/26 HPs)
             Began as a Spriggan Hunter on Feb 2, 2024.
             Incinerated by a bombardier beetle (6 damage)
             ... with a burning spray
             ... on level 3 of the Dungeon.
             The game lasted 00:00:07 (2398 turns).

qw the Shooter (Spriggan Hunter)                    Turns: 2398, Time: 00:00:08

Health: -1/26      AC:  9    Str:  7    XL:     5   Next: 94%
Magic:  6/6        EV: 16    Int: 10    God:
Gold:   157        SH:  0    Dex: 21    Spells: 4/4 levels left

rFire   . . .        a - +0 shortbow
rCold   . . .        (shield currently unavailable)
rNeg    . . .        k - quicksilver dragon scales
rPois   .            (helmet restricted)
rElec   .            (no cloak)
rCorr   .            (gloves unavailable)
SInv    +            (boots unavailable)
Will    ++...        (no amulet)
Stlth   +            i - ring of willpower
HPRegen 0.24/turn    (no ring)
MPRegen 0.10/turn

%: no passive effects
@: on fire, about to teleport, glowing, very quick
A: very small, no large weapons, unfitting armour, see invisible, speed 3
a: no special abilities


You were on level 3 of the Dungeon.
You visited 1 branch of the dungeon, and saw 3 of its levels.

You collected 157 gold pieces.


Innate Abilities, Weirdness & Mutations

You are very small and have problems with some larger weapons.
You are too small for most types of armour.
You have supernaturally acute eyesight. (SInv)
You cover ground extremely quickly. (Speed+++)


   Skills:
 - Level 2.0 Fighting
 + Level 6.4 Ranged Weapons
 - Level 1.0 Armour
 - Level 4.0 Dodging
 - Level 1.5 Stealth


You had 4 spell levels left.
You didn't know any spells.
Your spell library was empty.

Inventory:

Hand Weapons
 a - a +0 shortbow (weapon)
Armour
 k - quicksilver dragon scales (worn)
Jewellery
 i - a ring of willpower (left hand)
Wands
 e - a wand of roots (15)
Scrolls
 c - a scroll of teleportation
Potions
 b - a potion of curing {unknown}
 f - a potion of resistance
 h - a potion of mutation {unknown}

Dungeon Overview and Level Annotations

Branches:
Dungeon (3/15)

Altars:

Annotations:
D:2 1 runed translucent door, Crazy Yiuf


Message History

A hobgoblin comes into view.
The hobgoblin shouts!
You shoot an arrow. The arrow hits the hobgoblin.
The hobgoblin is almost dead.
You shoot an arrow. The arrow closely misses the hobgoblin.
You shoot an arrow. The arrow hits the hobgoblin.
You kill the hobgoblin!
Your Armour skill increases to level 1!
A bombardier beetle comes into view.
You shoot an arrow.
The arrow hits the bombardier beetle but does no damage.
The bombardier beetle sprays incendiary fluid at you.
The burning spray misses you.
You shoot an arrow.
The arrow hits the bombardier beetle but does no damage.
The bombardier beetle sprays incendiary fluid at you.
The burning spray hits you.
You are covered in liquid fire!
You shoot an arrow. The arrow hits the bombardier beetle!
The bombardier beetle is severely wounded.
The liquid fire burns you!
You shoot an arrow. The arrow hits the bombardier beetle.
The bombardier beetle is almost dead.
The liquid fire burns you!
The bombardier beetle sprays incendiary fluid at you.
The burning spray hits you.
You are even more covered in liquid fire!
You shoot an arrow.
The arrow closely misses the bombardier beetle.
You hear the slow rusting of a distant drain.
The liquid fire burns you!
You shoot an arrow.
The arrow hits the bombardier beetle but does no damage.
The bombardier beetle is almost dead.
The liquid fire burns you!
2398 ||| READING 2 scrolls of teleportation.
As you read the scroll of teleportation, it crumbles to dust.
You feel strangely unstable. The liquid fire burns you!
You die...

#.##.##.##
####.# #.##.##.#
#.#
#+######.##.##.#
##.#
...............#
#...
#.#####.###.####
#..# #.# #.#
#..# #.# #.#
#... #.# #.#
#.## #@# #.#
#.##
.....B......#
#...
#.###########
#### ### #..


You could see a bombardier beetle.

Vanquished Creatures
  Sigmund (D:2)
  An adder (D:2)
  3 dart slugs
  3 ribbon worms
  An orc (D:3)
  5 ball pythons
  7 bats
  4 endoplasms
  6 giant cockroaches
  8 goblins
  4 hobgoblins
  9 kobolds
  2 quokkas (D:2)
  A frilled lizard (D:1)
  6 rats
61 creatures vanquished.

Notes
Turn   | Place    | Note
-------+----------+-------------------------------------------
     0 | D:1      | qw the Spriggan Hunter began the quest for the Orb.
     0 | D:1      | Reached XP level 1. HP: 10/10 MP: 2/2
     0 | D:1      | 0 ||| qw: Version: 0.3-a-155-g5e7d8dd
     0 | D:1      | 0 ||| qw: Game counter: 726
     0 | D:1      | 0 ||| qw: Melee chars always use a shield: true
     0 | D:1      | 0 ||| qw: God list: Okawaru
     0 | D:1      | 0 ||| qw: Allow faded altars: false
     0 | D:1      | 0 ||| qw: Do Orc after clearing Dungeon:15 true
     0 | D:1      | 0 ||| qw: Do second Lair branch before Depths: true
     0 | D:1      | 0 ||| qw: Lair rune preference: random
     0 | D:1      | 0 ||| qw: Goals: Normal
     0 | D:1      | 0 ||| PLANNING D:1-11
    28 | D:1      | Reached skill level 3 in Dodging
    94 | D:1      | Reached XP level 2. HP: 14/14 MP: 3/3
   952 | D:1      | 952 ||| UPGRADING to quicksilver dragon scales.
   962 | D:1      | 962 ||| DROPPING +0 robe.
   963 | D:1      | 963 ||| UPGRADING to ring of willpower.
   964 | D:1      | 964 ||| READING scroll labelled LAPLO JYLOMOWK.
   965 | D:1      | 965 ||| READING scroll labelled QIXOUPREDELU.
   969 | D:1      | 969 ||| READING scroll labelled CIENEOHUOG.
   969 | D:1      | 969 ||| IDENTIFYING metallic emerald potion
   970 | D:1      | 970 ||| READING 2 scrolls labelled YZOBIO XUIJEHU.
   971 | D:1      | 971 ||| DRINKING 2 grey potions.
   972 | D:1      | 972 ||| DROPPING scroll of butterflies.
   973 | D:1      | 973 ||| DROPPING scroll of amnesia.
   974 | D:1      | 974 ||| DROPPING potion of attraction.
  1014 | D:2      | Reached XP level 3. HP: 18/18 MP: 4/4
  1107 | D:2      | Noticed Sigmund
  1124 | D:2      | Killed Sigmund
  1125 | D:2      | Reached skill level 6 in Ranged Weapons
  1125 | D:2      | Reached XP level 4. HP: 18/22 MP: 5/5
  1125 | D:2      | Reached XP level 5. HP: 20/25 MP: 6/6
  1934 | D:2      | Found a runed translucent door.
  1935 | D:2      | Noticed Crazy Yiuf
  1974 | D:2      | 1974 ||| READING scroll of identify.
  1974 | D:2      | 1974 ||| IDENTIFYING brown potion
  1975 | D:2      | 1975 ||| READING scroll labelled VYOX XAYTE.
  2076 | D:2      | 2076 ||| READING 2 scrolls labelled DYUNEI UBRILIL.
  2077 | D:2      | 2077 ||| READING scroll labelled DESEIX TA WUH.
  2078 | D:2      | 2078 ||| READING scroll labelled UKHLIG HIKE.
  2079 | D:2      | 2079 ||| DROPPING potion of brilliance.
  2080 | D:2      | 2080 ||| DROPPING scroll of immolation.
  2140 | D:3      | 2140 ||| PLANNING SEWER
  2141 | D:3      | 2141 ||| STAIRDANCE
  2380 | D:3      | Reached skill level 1 in Armour
  2397 | D:3      | HP: 5/26 [burnt (6)]
  2398 | D:3      | 2398 ||| READING 2 scrolls of teleportation.
  2398 | D:3      | Incinerated by a bombardier beetle

Levels and vault maps discovered:
D:1:      dpeg_arrival_boxorama, layout_basic, grunt_decor_resistance
D:2:      kb_forest_paths, layout_loops_ring, uniq_crazy_yiuf_cottage,
          uniq_sigmund
D:3:      layout_loops_corners, cheibrodos_sewer_entry_bend,
          lemuel_flame_loot_1, uniq_robin

Skill      XL: |  1  2  3  4  5 |
---------------+----------------+-----
Dodging        | 3 4 |  4.0
Ranged Weapons | 6 |  6.4
Fighting       | 2 |  2.0
Armour         | 1 |  1.0
Stealth        | |  1.5

Action                     |  1- 3 |  4- 6 || total
---------------------------+-------+-------++-------
   Fire: Shortbow          |    76 |   115 ||   191
    Use: Scroll            |     4 |     6 ||    10
         Potion            |     1 |       ||     1
 Armour: Robe              |     2 |       ||     2
         Quicksilver drago |     4 |    21 ||    25
  Dodge: Dodged            |    18 |    35 ||    53

Table legend:
 A = Non-vault XP
 B = Vault XP
 C = Vault XP percentage of total XP
 D = Non-vault monster count
 E = Vault monster count
 F = Vault count percentage of total count
                 A         B        C        D         E       F
            +---------+---------+-------+---------+---------+-------
      Total |     112 |     257 |  69.6 |      54 |       7 |  11.5
            +---------+---------+-------+---------+---------+-------
        D:1 |      39 |       0 |   0.0 |      22 |       0 |   0.0
        D:2 |      53 |     257 |  82.9 |      22 |       7 |  24.1
        D:3 |      20 |       0 |   0.0 |      10 |       0 |   0.0
            +---------+---------+-------+---------+---------+-------
